Map: [ESL] Data-C

Players

Cure

  • Race: Terran Terran
  • Spawn Location: 9:00

DRG - Winner!

  • Race: Zerg Zerg
  • Spawn Location: 3:00

Event: DreamHack SC2 Masters 2022 Atlanta (Offline)

VOD

Have the link to the VOD?

Description

Time

  • Played on: Nov. 19, 2022, 11:22 a.m.
  • Length: 18:01

All games in this series

Show
View Real Time Build Order
Export as new Build Order

Cure Terran 

Build Orders: Command Center First (CC) 

Get SALT Encoding   

  12  0:00  SCV  
  13  0:12  SCV  
  14  0:17  Supply Depot  
  14  0:24  SCV  
  15  0:38  SCV  
  16  0:50  SCV  
  17  0:58  Command Center  
  17  1:02  SCV  
  18  1:11  Barracks  
  18  1:15  SCV  
  19  1:20  Refinery  
  19  1:27  SCV  
  19  1:28  Refinery  
  20  1:39  SCV  
  21  1:51  SCV  
  22  1:57  Marine  
  23  2:03  Orbital Command  
  23  2:07  Factory  
  23  2:11  Orbital Command  
  23  2:16  Barracks Reactor  
  23  2:28  SCV  
  24  2:37  SCV  
  24  2:39  Supply Depot  
  24  2:41  SCV  
  26  2:49  SCV  
  27  2:52  Starport  
  27  2:53  SCV  
  27  2:57  Hellion x2  
  32  2:58  Barracks Tech Lab  
  32  3:02  SCV  
  32  3:05  SCV  
  34  3:14  Supply Depot, SCV  
  34  3:17  SCV  
  34  3:19  Hellion x2  
  40  3:25  Barracks Tech Lab  
  40  3:28  Fusion Core  
  40  3:30  SCV x2  
  42  3:36  Viking  
  42  3:40  Supply Depot  
  44  3:42  SCV x2  
  46  3:55  SCV x2  
  52  4:06  Supply Depot  
  52  4:08  SCV  
  52  4:09  SCV  
  53  4:13  Command Center  
  53  4:22  Supply Depot, Battlecruiser  
  53  4:23  SCV x2  
  58  4:27  Hellion x2  
  62  4:35  SCV x2  
  64  4:39  Marine  
  64  4:44  Supply Depot  
  65  4:46  Stimpack  
  65  4:47  SCV x2  
  65  4:49  Hellion x2  
  71  4:55  Refinery  
  71  4:56  Refinery  
  71  4:57  Marine  
  71  4:59  SCV x2  
  71  5:19  Hellion  
  71  5:20  Hellion  
  71  5:21  SCV  
  71  5:22  SCV  
  70  5:31  Marine  
  69  5:38  SCV x2  
  61  5:45  Orbital Command  
  59  5:50  SCV x2  
  59  5:51  Factory Reactor  
  59  5:52  Starport Reactor  
  59  5:54  Barracks  
  59  5:55  Barracks  
  59  5:56  Engineering Bay x2  
  61  5:58  Marine  
  61  6:02  SCV x2  
  64  6:07  Supply Depot x2  
  64  6:10  Barracks x2  
  65  6:11  SCV  
  65  6:14  SCV x2  
  65  6:16  Marine  
  68  6:23  SCV  
  68  6:24  Terran Infantry Armor Level 1, Terran Infantry Weapons Level 1  
  69  6:26  SCV  
  69  6:32  SCV, Orbital Command  
  69  6:39  Marine  
  70  6:40  Siege Tank  
  70  6:44  Marine x2  
  70  6:46  Combat Shield  
  75  6:48  SCV x2  
  75  6:53  Medivac  
  75  6:54  Medivac  
  81  6:56  Supply Depot x2, Marine x2  
  81  6:57  Marine  
  81  6:58  Barracks Reactor x2  
  81  7:00  SCV x3  
  87  7:01  Marine x2  
  89  7:12  SCV x2  
  89  7:13  Supply Depot  
  89  7:14  Marine x2  
  89  7:15  Marine  
  94  7:16  Missile Turret  
  94  7:18  Siege Tank  
  94  7:19  Marine x2  
  97  7:23  SCV  
  97  7:24  SCV x2  
  98  7:32  Marine x2  
  98  7:33  Marauder  
  98  7:36  SCV x3  
  105  7:37  Marine x2  
  105  7:41  Marine x4  
  105  7:43  Missile Turret  
  110  7:46  Armory  
  110  7:47  Supply Depot  
  110  7:49  Medivac x2  
  114  7:54  SCV, Marauder  
  114  7:55  Supply Depot, SCV x2  
  119  8:00  Missile Turret  
  119  8:02  Command Center, Marine x4  
  123  8:08  Siege Tank  
  123  8:11  SCV x3  
  129  8:24  Factory, Marine x8  
  129  8:25  Medivac x2  
  140  8:33  SCV x2  
  129  8:36  Marine  
  120  8:42  Marine x3  
  120  8:44  SCV  
  120  8:45  SCV x2, Widow Mine  
  120  8:46  Refinery  
  120  8:47  Refinery  
  128  8:48  Marine x2  
  128  8:49  Marine x3  
  128  8:54  Supply Depot x2, Marine  
  134  8:55  Supply Depot  
  134  8:59  SCV x3, Terran Infantry Weapons Level 2, Marine  
  138  9:03  Terran Infantry Armor Level 2  
  138  9:07  Widow Mine  
  140  9:17  Barracks  
  140  9:18  Barracks  
  140  9:19  Barracks, Missile Turret  
  141  9:24  SCV x3  
  141  9:27  Sensor Tower  
  141  9:28  Factory Reactor  
  143  9:32  Marine x2  
  143  9:36  Concussive Shells, Marauder  
  143  9:37  Thor, Drilling Claws  
  153  9:42  Marine x4  
  154  9:51  SCV x2  
  154  9:52  SCV  
  157  9:59  Planetary Fortress  
  157  10:02  Missile Turret  
  157  10:06  SCV x3  
  159  10:10  Widow Mine x2  
  159  10:11  Medivac x2  
  167  10:20  Barracks Tech Lab  
  167  10:21  Barracks Tech Lab  
  167  10:23  Missile Turret  
  167  10:24  Sensor Tower  
  167  10:25  Barracks Tech Lab  
  167  10:26  Missile Turret  
  167  10:30  Missile Turret  
  160  10:42  Marauder x2, Marine x4  
  145  10:46  Marine x3  
  145  10:47  Command Center, Marauder x2  
  148  10:51  Thor  
  148  10:55  Widow Mine x2  
  158  10:59  Marine  
  158  11:03  Supply Depot  
  159  11:19  Supply Depot, Marauder x3, Marine x4  
  159  11:20  Barracks Tech Lab, Marauder  
  171  11:27  Widow Mine x2  
  175  11:40  Thor  
  175  11:44  Supply Depot  
  175  11:45  Supply Depot, Missile Turret  
  177  11:47  Missile Turret  
  173  11:59  Marauder x2, Marine x6  
  173  12:00  Marauder  
  130  12:12  Marine x2  
  132  12:17  Planetary Fortress, Marine x2  
  132  12:19  Marine x3  
  137  12:23  Missile Turret  
  137  12:26  Factory Reactor  
  143  12:30  Medivac x2  
  143  12:32  SCV  
  143  12:33  SCV x2  
  143  12:35  Terran Infantry Weapons Level 3, Widow Mine  
  146  12:44  Barracks Tech Lab  
  146  12:45  Marauder x4, Marine x6  
  146  12:48  Missile Turret  
  146  13:03  Marine x4  
  146  13:04  Marine x3  
  143  13:06  Marine  
  143  13:09  Orbital Command  
  124  13:23  Marauder, Marine x6  
  124  13:24  Marauder x2  
  123  13:32  Thor, Widow Mine x2  
  123  13:33  Medivac x2  
  127  13:36  SCV x3  
  127  13:37  SCV  
  127  13:38  Marauder  
  127  13:41  Marine x3  
  131  13:43  Missile Turret x2  
  131  13:45  Marauder  
  131  13:46  Missile Turret  
  135  13:49  Marine  
  135  13:50  Marauder x2, Marine  
  135  13:55  Widow Mine x2  
  145  13:59  SCV x2  
  145  14:00  SCV x2  
  128  14:17  Marine x4  
  128  14:18  Marauder x2  
  111  14:25  Marine x3  
  111  14:26  Marauder  
  111  14:30  Thor  
  97  14:32  Widow Mine  
  97  14:35  Marine x4  
  97  14:39  Marauder x2  
  97  14:42  Medivac x2  
  97  14:43  Marine x3  
  108  14:47  Marine  
  105  14:53  Marine x4  
  105  14:56  Widow Mine  
  111  15:00  Marauder  
  111  15:01  Marauder, Marine  
  111  15:04  Marine  
  111  15:05  Marauder  
  121  15:12  Medivac x2  
  121  15:14  Widow Mine  
  127  15:17  Missile Turret  
  127  15:19  Marine  
  127  15:21  Missile Turret  
  126  15:22  Marauder, Marine x5  
  126  15:26  Marine  
  95  15:49  Marine x4  
  99  15:50  Marauder x2  
  99  15:51  Widow Mine  
  99  15:52  Widow Mine  
  105  16:03  Orbital Command  
  105  16:09  Marine x3  
  105  16:11  Marauder, Marine x4  
  110  16:21  Widow Mine x2  
  110  16:23  Medivac  
  115  16:27  Marine  
  116  16:35  Marauder x2, Marine  
  116  16:38  Marine  
  122  16:46  Marine x2  
  124  16:53  Medivac x2, Widow Mine x2  
  130  17:02  Marauder, Marine x4  
  130  17:04  Marine  
  122  17:09  Marine  
  122  17:10  Marauder  
  122  17:15  Refinery  
  125  17:20  Marine x3  
  123  17:36  Marine x2  
  123  17:37  Marauder x2, Marine x2  
Show
View Real Time Build Order
Export as new Build Order

DRG Zerg - Winner!

Build Orders: Hatch First 

Get SALT Encoding   

  12  0:00  Drone  
  13  0:11  Overlord  
  13  0:16  Drone  
  14  0:30  Drone x2  
  16  0:48  Hatchery  
  15  0:50  Drone  
  15  0:54  Drone  
  17  0:57  Drone  
  18  1:09  Extractor  
  17  1:13  Spawning Pool  
  17  1:17  Drone  
  17  1:20  Drone  
  18  1:28  Drone  
  19  1:38  Drone  
  20  1:48  Drone  
  21  2:00  Queen x2  
  21  2:01  Zergling x4  
  27  2:09  Overlord  
  27  2:11  Drone  
  28  2:22  Hatchery  
  27  2:24  Drone  
  27  2:28  Drone  
  29  2:32  Drone  
  29  2:33  Drone  
  31  2:39  Queen  
  33  2:45  Overlord  
  33  2:47  Drone  
  34  2:53  Drone  
  34  2:54  Drone  
  36  3:04  Drone x2  
  38  3:09  Drone x2  
  38  3:10  Drone  
  38  3:11  Roach Warren  
  40  3:15  Queen  
  43  3:20  Drone x2  
  43  3:26  Overlord  
  44  3:31  Overlord  
  44  3:47  Queen  
  46  3:48  Drone  
  46  3:49  Drone  
  46  3:55  Roach x7  
  62  3:58  Roach  
  62  4:00  Roach  
  66  4:04  Overlord  
  66  4:07  Overlord  
  66  4:13  Overlord  
  66  4:17  Overlord  
  66  4:22  Overlord  
  66  4:23  Drone x2  
  66  4:24  Drone  
  69  4:25  Drone x3  
  69  4:30  Drone x3  
  75  4:32  Drone  
  75  4:34  Drone  
  75  4:36  Drone  
  75  4:37  Drone  
  79  4:42  Lair  
  79  4:45  Drone x2, Extractor  
  81  4:49  Drone  
  81  4:51  Roach  
  81  4:53  Spore Crawler  
  81  4:55  Spore Crawler x2  
  81  4:56  Drone  
  79  5:04  Ravager  
  79  5:05  Drone x6  
  86  5:09  Drone x4  
  86  5:12  Ravager  
  90  5:15  Drone  
  90  5:19  Drone x2  
  90  5:20  Drone x2  
  95  5:22  Extractor x3  
  95  5:23  Extractor  
  95  5:28  Overlord  
  91  5:29  Drone  
  91  5:31  Queen x2  
  91  5:34  Drone  
  91  5:35  Spore Crawler  
  94  5:40  Drone  
  94  5:41  Queen  
  86  5:44  Glial Reconstitution  
  86  5:46  Roach x2  
  84  5:51  Roach  
  84  5:54  Zergling x8  
  89  5:59  Roach x2  
  89  6:04  Drone x3  
  89  6:08  Drone x2  
  89  6:09  Drone  
  89  6:11  Drone  
  100  6:12  Drone  
  100  6:15  Drone  
  100  6:17  Drone x3  
  105  6:25  Spire  
  104  6:26  Evolution Chamber  
  104  6:29  Drone x3  
  104  6:32  Overlord  
  104  6:33  Drone  
  104  6:37  Metabolic Boost, Overlord  
  105  6:42  Overlord x2  
  105  6:45  Overlord  
  101  6:48  Overlord  
  101  6:53  Drone x2  
  103  6:56  Roach x2  
  103  6:59  Hatchery  
  106  7:04  Drone  
  106  7:07  Roach x6  
  119  7:08  Roach  
  119  7:09  Roach  
  119  7:11  Overlord  
  123  7:19  Overlord  
  123  7:20  Overlord  
  123  7:21  Overlord  
  115  7:37  Mutalisk x8  
  115  7:42  Mutalisk x4  
  137  7:47  Baneling Nest  
  137  7:48  Zergling x2  
  137  7:50  Overlord  
  137  7:51  Zergling x6  
  137  7:54  Zerg Flyer Weapons Level 1  
  137  7:56  Zergling x2  
  137  7:57  Evolution Chamber  
  140  8:01  Zergling x4  
  140  8:03  Zerg Ground Armor Level 1  
  142  8:09  Zergling x14  
  145  8:13  Zergling x4  
  145  8:15  Overlord  
  146  8:25  Overlord  
  145  8:33  Mutalisk x5  
  139  8:36  Drone x7  
  154  8:43  Mutalisk  
  154  8:44  Mutalisk  
  154  8:45  Drone x2  
  154  8:46  Drone x4  
  164  8:53  Centrifugal Hooks  
  164  8:55  Extractor  
  164  8:56  Extractor  
  164  8:57  Drone x4  
  164  9:01  Pneumatized Carapace  
  166  9:03  Mutalisk  
  166  9:05  Zergling x12  
  174  9:13  Zergling x4  
  176  9:18  Zergling x14  
  183  9:24  Baneling x13  
  183  9:27  Zergling x8, Hatchery  
  183  9:31  Zergling x4  
  188  9:35  Zerg Melee Weapons Level 1  
  188  9:36  Infestation Pit  
  187  9:42  Zergling x16  
  195  9:46  Mutalisk x2  
  197  9:57  Zerg Flyer Weapons Level 2  
  197  9:59  Zergling x8  
  199  10:05  Overseer  
  197  10:09  Zerg Ground Armor Level 2  
  197  10:15  Zergling x4  
  197  10:17  Baneling x12  
  199  10:24  Hive  
  185  10:40  Mutalisk x3  
  160  10:43  Zergling x14  
  160  10:45  Zergling x26  
  167  10:50  Zergling x2  
  167  10:52  Zergling x2  
  167  10:55  Mutalisk x2  
  173  10:58  Overseer  
  173  10:59  Zergling x8  
  173  11:00  Baneling x6  
  173  11:02  Baneling x5  
  177  11:04  Zergling x10, Hatchery  
  177  11:08  Zergling x2, Baneling x5  
  177  11:09  Zergling x6  
  185  11:15  Zergling x12  
  189  11:23  Drone x5  
  194  11:30  Drone x5  
  199  11:32  Extractor  
  199  11:33  Extractor  
  199  11:37  Adrenal Glands  
  199  11:39  Zerg Melee Weapons Level 2, Hatchery  
  176  11:57  Mutalisk x7  
  176  11:59  Zergling x28  
  184  12:05  Zergling x8  
  180  12:12  Zergling x12  
  184  12:17  Zerg Flyer Weapons Level 3  
  184  12:18  Baneling  
  184  12:19  Zergling x2, Baneling x10  
  184  12:22  Zergling x8  
  189  12:24  Baneling x5  
  189  12:26  Zergling x2  
  190  12:32  Zergling x14  
  197  12:38  Zerg Ground Armor Level 3  
  197  12:42  Overseer  
  197  12:45  Baneling x9  
  197  12:48  Zergling x6  
  197  13:05  Zergling x8  
  195  13:19  Zergling x16  
  171  13:24  Zergling x30  
  177  13:30  Mutalisk x7  
  177  13:33  Zergling x16  
  199  13:36  Baneling x11  
  199  13:52  Baneling x14  
  199  13:57  Zerg Melee Weapons Level 3  
  199  13:58  Overseer x2  
  196  14:14  Zergling x12  
  185  14:22  Zergling x22  
  166  14:28  Mutalisk x8  
  174  14:31  Zergling x16  
  174  14:36  Zergling x24  
  176  14:43  Baneling x15  
  174  14:45  Mutalisk  
  174  14:48  Zergling x2  
  174  14:49  Zergling x6  
  180  14:54  Zergling x12  
  180  14:58  Zerg Flyer Armor Level 1  
  186  15:03  Drone x6  
  186  15:06  Baneling x7  
  192  15:08  Zergling x4  
  192  15:11  Overseer  
  192  15:12  Overseer  
  194  15:16  Zergling x10  
  194  15:30  Zergling x16  
  181  15:39  Zergling x24  
  181  15:40  Zergling x2  
  181  15:41  Zergling x10  
  183  15:45  Mutalisk  
  183  15:46  Mutalisk x2  
  183  15:48  Baneling  
  183  15:49  Baneling x7  
  189  15:50  Baneling x2  
  189  15:59  Baneling x13  
  189  16:00  Zergling x2  
  189  16:01  Zergling x10  
  195  16:09  Mutalisk x2  
  198  16:19  Zergling x10  
  198  16:23  Baneling x11  
  197  16:41  Zergling x6  
  200  16:47  Baneling x12  
  200  16:55  Hatchery  
  200  16:59  Zergling x8  
  200  17:00  Baneling  
  200  17:01  Baneling x4  
  199  17:07  Zergling x12  
  199  17:08  Zergling x6  
  200  17:12  Baneling x7  
  200  17:28  Zergling x12  
Tags
 
Add a new tag
Caveats
  • Supply blocks, unpowered buildings, or Contaminate may cause inaccurate times.
  • Supply counts are checked every 10 seconds.